AoeStats
← ZamSerg

MegaRandom

507938447Analyzed
4v4 RM · 12d ago on Sep 20, 2026· 49m 0s· 8 players
Game mode
Random Map
Map size
Large (8 player)
Population
200
Speed
Normal
Resources
Standard
Victory
Conquest
Starting age
Dark Age
Ending age
Imperial Age
RankedLock teamsTeams togetherTeam positionsShared explorationLock speedFull tech treeHidden civsTurbo modeCheats
Victory
Defeat
🇩🇪 Ethiopians · Germany
1253
+16
🇷🇺 Burgundians · Russia
1230
+17
🇫🇮 Britons · Finland
1208
+18
🇬🇧 Huns · United Kingdom
1198
+17
🇸🇪 Koreans · Sweden
1280
-18
🇦🇺 Italians · Australia
1270
-19
🇹🇼 Armenians · Taiwan
1227
-16
🇮🇳 Magyars · India
1201
-15
McLagan
8:56 Feudal Age
11:22 Double-Bit Axe
12:43 Bloodlines
13:25 Forging
18:19 Castle Age
16:46 Scale Barding Armor
16:28 Horse Collar
19:24 Bow Saw
19:14 Loom
19:43 Husbandry
20:41 Iron Casting
24:02 Wheelbarrow
24:51 Chain Barding Armor
25:07 Gold Mining
29:54 Hand Cart
35:56 Imperial Age
35:57 Cavalier
37:15 Gold Shaft Mining
36:44 Stone Mining
42:02 Conscription
41:37 Paladin
44:50 Light Cavalry
48:15 Blast Furnace
48:38 Heavy Plow
Tim der Gothe
0:27 Loom
9:56 Feudal Age
13:12 Double-Bit Axe
15:37 Castle Age
15:29 Stone Mining
15:22 Horse Collar
15:28 Fishing Lines
17:21 Wheelbarrow
17:01 Bow Saw
16:58 Heavy Plow
21:20 Town Watch
24:09 Stone Shaft Mining
25:13 Hand Cart
24:59 Town Patrol
30:40 Imperial Age
28:05 Fletching
28:28 Forging
28:18 Scale Mail Armor
29:45 Gold Mining
30:35 Iron Casting
30:27 Murder Holes
30:53 Ballistics
30:44 Masonry
31:12 Gold Shaft Mining
31:15 Bodkin Arrow
31:37 Chain Mail Armor
32:26 Chemistry
31:29 Squires
30:56 Elite Shotel Warrior
33:19 Two-Man Saw
32:30 Royal Heirs
32:52 Conscription
34:30 Blast Furnace
34:00 Plate Mail Armor
34:00 Bracer
34:33 Architecture
44:50 Siege Engineers
ZamSerg
3:19 Double-Bit Axe
8:40 Feudal Age
8:07 Loom
8:30 Horse Collar
10:00 Bow Saw
14:28 Castle Age
14:20 Heavy Plow
19:59 Wheelbarrow
23:33 Two-Man Saw
24:26 Cavalier
25:07 Husbandry
25:18 Scale Barding Armor
25:23 Forging
25:10 Town Watch
27:54 Chain Barding Armor
28:09 Iron Casting
34:34 Fletching
38:08 Imperial Age
TattiTheKing
0:36 Loom
9:41 Feudal Age
10:42 Double-Bit Axe
15:06 Castle Age
13:05 Fishing Lines
15:03 Gold Mining
16:16 Gillnets
18:05 Fletching
18:31 Medium Warships
18:59 Horse Collar
21:01 Bodkin Arrow
22:15 Careening
23:20 Clinker Construction
23:33 Ballistics
26:12 Wheelbarrow
26:12 Guard Tower
26:45 Heated Shot
28:02 Hand Cart
28:12 Masonry
28:50 Town Watch
33:03 Imperial Age
31:16 Crossbowman
32:18 Padded Archer Armor
38:43 Leather Archer Armor
38:28 Bracer
38:48 Arbalester
41:10 Ring Archer Armor
44:17 Heavy Warships
馬上贏
0:33 Loom
10:08 Feudal Age
13:58 Castle Age
13:01 Double-Bit Axe
12:57 Horse Collar
15:46 Wheelbarrow
14:57 Town Watch
15:29 Bow Saw
15:20 Heavy Plow
20:43 Scale Mail Armor
21:31 Forging
22:19 Chain Mail Armor
21:55 Gold Mining
23:00 Hand Cart
22:09 Pikeman
22:49 Squires
22:51 Man-at-Arms
23:17 Gambesons
23:20 Arson
23:45 Fishing Lines
24:56 Iron Casting
23:56 Long Swordsman
25:15 Two-Handed Swordsman
26:08 Champion
31:49 Gillnets
33:16 Halberdier
46:32 Imperial Age
Simba
0:35 Loom
9:54 Feudal Age
15:43 Wheelbarrow
18:33 Castle Age
17:11 Bloodlines
23:24 Husbandry
27:23 Fishing Lines
28:30 Gillnets
31:52 Scale Barding Armor
33:18 Chain Barding Armor
38:07 Gold Mining
38:11 Stone Mining
41:58 Imperial Age
43:08 Gold Shaft Mining
43:16 Plate Barding Armor
42:03 Cavalier
43:49 Conscription
aurangzaib.zahoor
0:50 Loom
9:42 Feudal Age
10:13 Double-Bit Axe
15:31 Castle Age
14:03 Fletching
16:28 Bow Saw
16:34 Medium Warships
17:14 Wheelbarrow
16:38 Bodkin Arrow
21:02 Horse Collar
22:26 Ballistics
23:12 Careening
26:45 Clinker Construction
27:34 Demolition Ship
30:01 Padded Archer Armor
33:15 Masonry
35:05 Leather Archer Armor
40:55 Imperial Age
39:49 Thumb Ring
41:08 Murder Holes
44:16 Chemistry
43:26 Town Watch
47:46 Bracer
47:16 Elite Cannon Galleon
ikaros
0:29 Loom
10:47 Feudal Age
12:57 Double-Bit Axe
16:19 Castle Age
23:51 Scale Mail Armor
27:02 Squires
30:11 Chain Mail Armor
31:22 Forging
35:50 Fletching
42:48 Imperial Age
41:22 Eupseong
45:21 Wheelbarrow
44:57 Bodkin Arrow
46:46 Plate Mail Armor
Connection lost

Rejoining the realm…

Still unreachable

The connection could not be restored.

Session expired

The server has moved on; the page needs a fresh start.